3171 views
Uploaded 2020-07-19 08:49:07
Game version 1.32.6 / 1.32.7
18:06 long 2on2 ladder game on (4)LostTemple_LV
Saved by Redwood
3171 views
Uploaded 2020-07-19 08:49:07
Game version 1.32.6 / 1.32.7
18:06 long 2on2 ladder game on (4)LostTemple_LV


70 units @ 10k
/ 1.2k
37 buildings @ 6.1k
/ 2.2k



| Healing Salve | 4 | 400 |
| Lesser Clarity Potion | 7 | 490 |
| Scroll of Speed | 2 | 100 |
| Orb of Lightning | 1 | 375 |
| Scroll of Town Portal | 2 | 700 |
| total: | 16 | 2065g |
| Peon | 22 | 1650 | / | 0 |
| Grunt | 6 | 1200 | / | 0 |
| Raider | 4 | 720 | / | 160 |
| Spirit Walker | 3 | 585 | / | 105 |
| Kodo Beast | 1 | 255 | / | 60 |
| Tauren | 1 | 280 | / | 80 |
| Troll Headhunter | 1 | 140 | / | 20 |
| Troll Batrider | 5 | 800 | / | 200 |
| total: | 43 | 5630g | / | 625w |
| Watch Tower | 2 | 220 | / | 160 |
| Altar of Storms | 1 | 180 | / | 50 |
| Orc Burrow | 8 | 1280 | / | 320 |
| Barracks | 1 | 180 | / | 50 |
| Voodoo Lounge | 1 | 130 | / | 30 |
| War Mill | 1 | 205 | / | 0 |
| Great Hall | 1 | 385 | / | 185 |
| Beastiary | 2 | 290 | / | 280 |
| Tauren Totem | 1 | 135 | / | 155 |
| Stronghold | 1 | 315 | / | 190 |
| Fortress | 1 | 325 | / | 190 |
| total: | 18 | 3005g | / | 1230w |
| 0:02 | Peon |
| 0:02 | Peon |
| 0:06 | Altar of Storms |
| 0:18 | Orc Burrow |
| 0:23 | Peon |
| 0:33 | Barracks |
| 0:42 | Peon |
| 0:51 | Peon |
| 0:51 | Peon |
| 0:58 | Peon |
| 1:29 | Orc Burrow |
| 1:36 | Grunt |
| 1:36 | Grunt |
| 1:51 | Voodoo Lounge |
| 1:57 | Peon |
| 1:57 | Peon |
| 2:09 | Feral Spirit |
| 2:22 | Grunt |
| 3:00 | Stronghold |
| 3:15 | Grunt |
| 3:53 | Orc Burrow |
| 4:08 | Orc Burrow |
| 4:11 | Grunt |
| 4:23 | Orc Burrow |
| 4:33 | Healing Salve |
| 4:33 | Lesser Clarity Potion |
| 4:37 | Lesser Clarity Potion |
| 5:16 | Chain Lighting |
| 5:30 | Beastiary |
| 5:37 | Peon |
| 5:59 | Tauren Totem |
| 6:16 | War Mill |
| 6:28 | Healing Wave |
| 6:31 | Healing Salve |
| 6:31 | Lesser Clarity Potion |
| 6:31 | Scroll of Speed |
| 7:24 | Berserker Strength |
| 7:24 | Raider |
| 7:24 | Spirit Walker |
| 7:26 | Scroll of Town Portal |
| 7:27 | Lesser Clarity Potion |
| 7:32 | Steel Armor |
| 7:39 | Healing Salve |
| 7:39 | Healing Salve |
| 7:53 | Ensnare |
| 8:09 | Kodo Beast |
| 8:13 | Great Hall |
| 8:30 | Spirit Walker Adept Training |
| 8:56 | Fortress |
| 9:11 | Orc Burrow |
| 9:43 | Reinforced Defenses |
| 10:01 | Steel Melee Weapons |
| 10:06 | Spirit Walker |
| 10:24 | Raider |
| 11:01 | Spirit Walker |
| 11:20 | Peon |
| 11:21 | Peon |
| 11:21 | Peon |
| 11:21 | Peon |
| 11:23 | Hex |
| 11:39 | War Drums Damage Increase |
| 11:41 | Tauren |
| 11:59 | Grunt |
| 12:01 | Troll Headhunter |
| 12:20 | Watch Tower |
| 12:22 | Peon |
| 12:23 | Lesser Clarity Potion |
| 12:48 | Raider |
| 12:52 | Scroll of Speed |
| 12:54 | Lesser Clarity Potion |
| 13:03 | Scroll of Town Portal |
| 13:09 | Orb of Lightning |
| 13:16 | Endurance Aura |
| 13:29 | Raider |
| 13:35 | Berserker Upgrade |
| 13:39 | Pulverize |
| 13:57 | Orc Burrow |
| 14:04 | Peon |
| 14:11 | Steel Ranged Weapons |
| 14:32 | Peon |
| 14:33 | Peon |
| 14:55 | Feral Spirit |
| 15:01 | Peon |
| 15:03 | Troll Batrider |
| 15:16 | Watch Tower |
| 15:29 | Beastiary |
| 15:36 | Peon |
| 15:36 | Peon |
| 15:54 | Orc Burrow |
| 16:11 | Peon |
| 16:20 | Lesser Clarity Potion |
| 16:26 | Troll Batrider |
| 16:43 | Troll Batrider |
| 17:12 | Troll Batrider |
| 17:39 | Troll Batrider |
| Select group | 2098 |
| Right click | 1363 |
| Select | 591 |
| Misc. action | 251 |
| Build/train/purchase | 125 |
| Use ability | 72 |
| Assign group | 64 |
| Minimap ping | 5 |
| Esc | 3 |
| Item give/drop | 2 |
| Remove unit | 1 |



| Rod of Necromancy | 3 | 450 |
| Sacrificial Skull | 1 | 50 |
| Lesser Clarity Potion | 1 | 70 |
| Orb of Corruption | 2 | 750 |
| Scroll of Town Portal | 3 | 1050 |
| Scroll of Healing | 2 | 500 |
| Healing Salve | 1 | 100 |
| Scroll of Speed | 2 | 100 |
| Orb of Lightning | 1 | 375 |
| total: | 16 | 3445g |
| Acolyte | 7 | 525 | / | 0 |
| Ghoul | 5 | 600 | / | 0 |
| Crypt Fiend | 11 | 2365 | / | 440 |
| Obsidian Statue | 3 | 600 | / | 105 |
| Abomination | 1 | 240 | / | 70 |
| total: | 27 | 4330g | / | 615w |
| Spirit Tower | 6 | 870 | / | 240 |
| Nerubian Tower | 4 | 400 | / | 80 |
| Altar of Darkness | 1 | 180 | / | 50 |
| Ziggurat | 11 | 1650 | / | 550 |
| Crypt | 2 | 400 | / | 100 |
| Tomb of Relics | 1 | 130 | / | 30 |
| Graveyard | 1 | 215 | / | 0 |
| Necropolis | 1 | 225 | / | 0 |
| Slaughterhouse | 2 | 280 | / | 270 |
| Halls of the Dead | 3 | 960 | / | 630 |
| Black Citadel | 2 | 650 | / | 460 |
| total: | 19 | 3080g | / | 1000w |
| 0:03 | Acolyte |
| 0:05 | Altar of Darkness |
| 0:07 | Ziggurat |
| 0:07 | Ziggurat |
| 0:14 | Acolyte |
| 0:34 | Crypt |
| 0:58 | Tomb of Relics |
| 1:19 | Acolyte |
| 1:26 | Graveyard |
| 1:35 | Ghoul |
| 1:35 | Ghoul |
| 1:51 | Ghoul |
| 2:04 | Rod of Necromancy |
| 2:04 | Sacrificial Skull |
| 2:05 | Carrion Beetles |
| 2:17 | Ghoul |
| 2:17 | Ghoul |
| 2:19 | Ziggurat |
| 3:06 | Necropolis |
| 3:25 | Spiked Carapace |
| 3:37 | Ziggurat |
| 3:38 | Ziggurat |
| 4:39 | Acolyte |
| 4:39 | Acolyte |
| 4:40 | Acolyte |
| 4:40 | Acolyte |
| 4:41 | Spirit Tower |
| 4:42 | Nerubian Tower |
| 4:49 | Halls of the Dead |
| 4:50 | Crypt Fiend |
| 5:09 | Carrion Beetles |
| 5:21 | Crypt Fiend |
| 5:43 | Crypt Fiend |
| 6:25 | Crypt Fiend |
| 6:36 | Healing Salve |
| 6:38 | Lesser Clarity Potion |
| 6:43 | Scroll of Speed |
| 7:18 | Black Citadel |
| 7:21 | Slaughterhouse |
| 8:08 | Rod of Necromancy |
| 8:09 | Scroll of Town Portal |
| 8:10 | Death Coil |
| 8:15 | Crypt Fiend |
| 9:10 | Obsidian Statue |
| 9:10 | Obsidian Statue |
| 9:12 | Creature Attack |
| 9:12 | Improved Creature Attack |
| 9:16 | Ziggurat |
| 10:19 | Spirit Tower |
| 10:32 | Obsidian Statue |
| 11:06 | Ziggurat |
| 11:06 | Ziggurat |
| 11:06 | Ziggurat |
| 11:15 | Spiked Carapace |
| 11:37 | Ziggurat |
| 11:37 | Ziggurat |
| 11:43 | Destroyer Form |
| 12:25 | Scroll of Town Portal |
| 12:25 | Orb of Corruption |
| 12:27 | Rod of Necromancy |
| 12:36 | Slaughterhouse |
| 12:44 | Advanced Creature Attack |
| 12:46 | Nerubian Tower |
| 12:47 | Spirit Tower |
| 12:55 | Crypt Fiend |
| 13:16 | Disease Cloud |
| 13:19 | Crypt Fiend |
| 13:32 | Web |
| 13:43 | Crypt Fiend |
| 14:16 | Abomination |
| 14:28 | Crypt Fiend |
| 14:44 | Scroll of Healing |
| 15:20 | Orb of Lightning |
| 15:21 | Scroll of Speed |
| 15:22 | Scroll of Town Portal |
| 15:35 | Crypt Fiend |
| 16:03 | Crypt |
| 16:36 | Crypt Fiend |
| 16:51 | Scroll of Healing |
| 17:21 | Orb of Corruption |
| 17:23 | Carrion Swarm |
| Select group | 2047 |
| Right click | 1062 |
| Select | 891 |
| Misc. action | 252 |
| Build/train/purchase | 167 |
| Assign group | 39 |
| Resource trade | 24 |
| Minimap ping | 20 |
| Use ability | 18 |
| Item give/drop | 3 |
| Esc | 2 |
86 units @ 10.5k
/ 1.5k
42 buildings @ 7.2k
/ 3.3k


| Staff of Preservation | 1 | 150 |
| Lesser Clarity Potion | 1 | 70 |
| Scroll of Town Portal | 1 | 350 |
| Scroll of Healing | 1 | 250 |
| Boots of Speed | 1 | 250 |
| Staff of Teleportation | 1 | 150 |
| Potion of Lesser Invulnerability | 1 | 150 |
| total: | 7 | 1370g |
| Wisp | 28 | 1680 | / | 0 |
| Archer | 2 | 260 | / | 20 |
| Huntress | 4 | 780 | / | 80 |
| Dryad | 7 | 1015 | / | 420 |
| Druid of the Claw | 4 | 1020 | / | 320 |
| total: | 45 | 4755g | / | 840w |
| Altar of Elders | 1 | 180 | / | 50 |
| Moon Well | 7 | 1260 | / | 280 |
| Ancient of War | 3 | 450 | / | 180 |
| Hunter's Hall | 1 | 210 | / | 100 |
| Tree of Life | 7 | 2380 | / | 1295 |
| Ancient of Wonders | 1 | 90 | / | 30 |
| Ancient of Lore | 2 | 310 | / | 290 |
| Tree of Ages | 1 | 320 | / | 180 |
| Tree of Eternity | 1 | 330 | / | 200 |
| total: | 22 | 4880g | / | 2225w |
| 0:04 | Wisp |
| 0:05 | Wisp |
| 0:07 | Altar of Elders |
| 0:20 | Moon Well |
| 0:29 | Ancient of War |
| 0:33 | Wisp |
| 0:33 | Wisp |
| 0:44 | Wisp |
| 0:51 | Wisp |
| 1:03 | Wisp |
| 1:15 | Wisp |
| 1:17 | Wisp |
| 1:30 | Moon Well |
| 1:34 | Archer |
| 1:35 | Archer |
| 1:43 | Wisp |
| 1:46 | Wisp |
| 2:12 | Mana Burn |
| 2:23 | Hunter's Hall |
| 2:55 | Wisp |
| 2:55 | Wisp |
| 3:18 | Wisp |
| 3:37 | Moon Well |
| 3:44 | Tree of Ages |
| 3:48 | Moon Well |
| 4:00 | Evasion |
| 4:45 | Boots of Speed |
| 4:47 | Staff of Teleportation |
| 4:59 | Huntress |
| 5:07 | Tree of Life |
| 5:35 | Huntress |
| 6:24 | Ancient of Lore |
| 6:32 | Huntress |
| 6:35 | Ancient of Lore |
| 6:35 | Wisp |
| 6:36 | Wisp |
| 6:36 | Wisp |
| 6:51 | Ancient of Wonders |
| 6:54 | Huntress |
| 7:16 | Entangling Roots |
| 7:18 | Mana Burn |
| 7:22 | Moon Glaive |
| 7:23 | Wisp |
| 7:23 | Wisp |
| 7:23 | Wisp |
| 7:47 | Dryad |
| 7:52 | Abolish Magic |
| 7:54 | Wisp |
| 8:08 | Dryad |
| 8:48 | Dryad |
| 8:51 | Tree of Life |
| 8:58 | Thorns Aura |
| 9:13 | Wisp |
| 9:16 | Strength of the Wild |
| 9:41 | Scroll of Town Portal |
| 9:44 | Staff of Preservation |
| 9:45 | Lesser Clarity Potion |
| 10:36 | Dryad |
| 10:37 | Tree of Eternity |
| 10:46 | Dryad |
| 11:24 | Evasion |
| 11:29 | Dryad |
| 11:47 | Entangling Roots |
| 12:27 | Tree of Life |
| 12:28 | Ancient of War |
| 12:29 | Improved Strength of the Wild |
| 13:00 | Druid of the Claw Adept Training |
| 13:03 | Tree of Life |
| 13:04 | Wisp |
| 13:04 | Wisp |
| 13:07 | Moon Well |
| 13:08 | Moon Well |
| 13:23 | Scroll of Healing |
| 13:30 | Potion of Lesser Invulnerability |
| 13:35 | Druid of the Claw |
| 13:36 | Druid of the Claw Master Training |
| 14:04 | Wisp |
| 14:04 | Wisp |
| 14:23 | Druid of the Claw |
| 14:35 | Moon Well |
| 14:53 | Tree of Life |
| 14:53 | Ancient of War |
| 15:13 | Druid of the Claw |
| 15:14 | Mark of the Claw |
| 15:16 | Well Spring |
| 16:12 | Wisp |
| 16:12 | Wisp |
| 16:27 | Tree of Life |
| 16:52 | Thorns Aura |
| 16:58 | Tree of Life |
| 17:02 | Dryad |
| 17:06 | Druid of the Claw |
| 17:33 | Mana Burn |
| Select group | 1296 |
| Right click | 788 |
| Select | 352 |
| Misc. action | 227 |
| Build/train/purchase | 99 |
| Use ability | 97 |
| Assign group | 56 |
| Chat | 21 |
| Minimap ping | 5 |
| Esc | 3 |
| Item give/drop | 1 |
| Remove unit | 1 |


| Scroll of Regeneration | 2 | 200 |
| Potion of Mana | 2 | 400 |
| Potion of Healing | 3 | 450 |
| Lesser Clarity Potion | 2 | 140 |
| Scroll of Town Portal | 4 | 1400 |
| Scroll of Healing | 1 | 250 |
| Potion of Lesser Invulnerability | 1 | 150 |
| Boots of Speed | 1 | 250 |
| total: | 16 | 3240g |
| Peasant | 19 | 1425 | / | 0 |
| Footman | 10 | 1350 | / | 0 |
| Rifleman | 1 | 205 | / | 30 |
| Spell Breaker | 2 | 430 | / | 60 |
| Gryphon Rider | 4 | 1120 | / | 280 |
| Knight | 4 | 980 | / | 240 |
| Dragonhawk Rider | 1 | 200 | / | 30 |
| total: | 41 | 5710g | / | 640w |
| Scout Tower | 2 | 60 | / | 40 |
| Arcane Tower | 3 | 210 | / | 150 |
| Altar of Kings | 1 | 180 | / | 50 |
| Farm | 9 | 720 | / | 180 |
| Barracks | 1 | 160 | / | 60 |
| Town Hall | 1 | 385 | / | 205 |
| Arcane Vault | 1 | 130 | / | 30 |
| Lumber Mill | 1 | 120 | / | 0 |
| Blacksmith | 1 | 140 | / | 60 |
| Arcane Sanctum | 1 | 150 | / | 140 |
| Gryphon Aviary | 2 | 280 | / | 300 |
| Keep | 1 | 320 | / | 210 |
| Castle | 1 | 360 | / | 210 |
| total: | 20 | 2325g | / | 1065w |
| 0:02 | Peasant |
| 0:02 | Peasant |
| 0:08 | Altar of Kings |
| 0:10 | Farm |
| 0:15 | Barracks |
| 0:27 | Peasant |
| 0:27 | Peasant |
| 0:39 | Peasant |
| 0:40 | Peasant |
| 0:50 | Farm |
| 0:59 | Peasant |
| 0:59 | Peasant |
| 1:16 | Footman |
| 1:16 | Footman |
| 1:18 | Peasant |
| 1:18 | Peasant |
| 1:29 | Farm |
| 1:38 | Footman |
| 1:38 | Footman |
| 1:51 | Peasant |
| 2:08 | Peasant |
| 2:09 | Thunder Clap |
| 2:14 | Footman |
| 2:15 | Peasant |
| 2:47 | Peasant |
| 3:01 | Town Hall |
| 3:03 | Scout Tower |
| 3:08 | Storm Bolt |
| 3:20 | Footman |
| 3:41 | Arcane Tower |
| 3:51 | Peasant |
| 3:51 | Peasant |
| 3:53 | Scout Tower |
| 3:58 | Farm |
| 4:23 | Peasant |
| 4:28 | Peasant |
| 4:29 | Arcane Tower |
| 4:35 | Footman |
| 4:48 | Footman |
| 5:21 | Footman |
| 5:22 | Keep |
| 5:24 | Arcane Vault |
| 6:25 | Footman |
| 6:37 | Lumber Mill |
| 6:39 | Blacksmith |
| 6:42 | Farm |
| 6:42 | Farm |
| 6:43 | Farm |
| 7:00 | Peasant |
| 7:04 | Storm Bolt |
| 7:27 | Farm |
| 7:37 | Farm |
| 8:14 | Castle |
| 8:17 | Arcane Sanctum |
| 8:25 | Improved Lumber Harvesting |
| 8:45 | Scroll of Town Portal |
| 8:46 | Scroll of Healing |
| 8:46 | Potion of Lesser Invulnerability |
| 8:47 | Boots of Speed |
| 9:03 | Gryphon Aviary |
| 9:06 | Scroll of Regeneration |
| 9:07 | Potion of Mana |
| 9:09 | Scroll of Town Portal |
| 9:19 | Gryphon Aviary |
| 9:24 | Siphon Mana |
| 9:38 | Magic Sentry |
| 10:33 | Rifleman |
| 10:34 | Spell Breaker |
| 10:35 | Gryphon Rider |
| 10:45 | Gryphon Rider |
| 11:30 | Potion of Healing |
| 11:30 | Potion of Healing |
| 11:36 | Knight |
| 11:42 | Banish |
| 11:51 | Gryphon Rider |
| 12:33 | Scroll of Town Portal |
| 12:34 | Lesser Clarity Potion |
| 12:36 | Lesser Clarity Potion |
| 12:37 | Potion of Healing |
| 12:53 | Iron Forged Swords |
| 12:55 | Animal War Training |
| 13:16 | Knight |
| 13:59 | Cloud |
| 14:00 | Storm Hammers |
| 14:00 | Dragonhawk Rider |
| 14:30 | Gryphon Rider |
| 14:31 | Knight |
| 14:32 | Thunder Clap |
| 14:54 | Siphon Mana |
| 15:05 | Knight |
| 15:06 | Spell Breaker |
| 15:14 | Scroll of Regeneration |
| 15:24 | Potion of Mana |
| 15:46 | Scroll of Town Portal |
| 16:12 | Steel Forged Swords |
| 16:12 | Studded Leather Armor |
| 17:05 | Improved Masonry |
| 17:17 | Iron Plating |
| 17:57 | Banish |
| 17:59 | Thunder Clap |
| Right click | 1030 |
| Select group | 603 |
| Select | 344 |
| Build/train/purchase | 119 |
| Chat | 112 |
| Assign group | 87 |
| Use ability | 33 |
| Resource trade | 21 |
| Misc. action | 10 |
| Minimap ping | 6 |
⇛